AoeStats
← Ken

Oasis

508863941Analyzed
4v4 RM · 7d ago on Sep 24, 2026· 49m 3s· 8 players
Game mode
Random Map
Map size
Large (8 player)
Population
200
Speed
Normal
Resources
Standard
Victory
Conquest
Starting age
Dark Age
Ending age
Imperial Age
RankedLock teamsTeams togetherTeam positionsShared explorationLock speedFull tech treeHidden civsTurbo modeCheats
Victory
Defeat
🇫🇷 Cumans · France
1124
+12
🇵🇪 Chinese · Peru
1060
+15
🇫🇷 Malay · France
1060
+15
🇵🇹 Byzantines · Portugal
1008
+17
🇨🇳 Franks · China
1112
-18
🇧🇷 Cumans · Brazil
1069
-16
🇨🇿 Persians · Czechia
988
-13
🇺🇸 Britons · United States
978
-12
joia-numerica6
7:15 Loom
10:12 Feudal Age
16:26 Castle Age
19:16 Double-Bit Axe
22:38 Horse Collar
23:35 Gold Mining
24:10 Heavy Plow
25:50 Forging
26:34 Scale Mail Armor
27:29 Bow Saw
27:43 Arson
27:59 Squires
27:45 Gambesons
29:32 Chain Mail Armor
30:00 Iron Casting
33:50 Imperial Age
33:58 Elite Varangian Guard
35:20 Plate Mail Armor
36:35 Conscription
37:40 Logistica
39:14 Wheelbarrow
42:54 Chemistry
44:11 Fletching
45:25 Bombard Tower
alexggg56
10:20 Loom
12:07 Feudal Age
13:33 Double-Bit Axe
13:31 Horse Collar
18:56 Castle Age
19:59 Bow Saw
20:04 Heavy Plow
22:47 Wheelbarrow
21:58 Town Watch
22:22 Gold Mining
22:27 Stone Mining
22:01 Pikeman
22:45 Squires
23:35 Forging
25:40 Scale Barding Armor
26:11 Iron Casting
25:40 Husbandry
27:24 Stone Shaft Mining
27:25 Gold Shaft Mining
31:44 Hand Cart
33:04 Fletching
36:13 Imperial Age
33:46 Town Patrol
34:17 Arson
34:57 Masonry
34:43 Murder Holes
34:50 Bodkin Arrow
35:15 Treadmill Crane
37:07 Conscription
37:30 Crop Rotation
37:29 Ballistics
37:07 Murder Holes
38:10 Bracer
39:11 Blast Furnace
37:37 Man-at-Arms
38:59 Long Swordsman
40:39 Forced Levy
40:03 Two-Handed Swordsman
42:22 Chemistry
40:56 Halberdier
41:56 Guilds
45:01 Siege Engineers
Jc
0:29 Loom
11:10 Feudal Age
16:27 Castle Age
14:43 Horse Collar
14:51 Double-Bit Axe
15:59 Wheelbarrow
18:12 Bow Saw
23:43 Gold Mining
24:49 Squires
24:35 Arson
24:52 Scale Mail Armor
25:02 Forging
26:19 Chain Mail Armor
28:37 Hand Cart
28:08 Town Watch
30:04 Iron Casting
29:38 Pikeman
31:37 Padded Archer Armor
31:28 Fletching
36:40 Imperial Age
34:26 Leather Archer Armor
34:07 Bodkin Arrow
37:48 Capped Ram
38:45 Halberdier
41:10 Two-Man Saw
40:17 Heavy Plow
40:07 Siege Ram
41:28 Bracer
41:59 Ring Archer Armor
42:34 Conscription
45:35 Plate Mail Armor
46:06 Blast Furnace
Lizard Bro
6:29 Loom
8:46 Feudal Age
9:32 Double-Bit Axe
17:52 Horse Collar
22:09 Wheelbarrow
23:39 Castle Age
22:38 Scale Barding Armor
23:49 Gold Mining
24:34 Town Watch
29:53 Chain Barding Armor
29:43 Forging
32:10 Padded Archer Armor
32:01 Fletching
32:52 Bow Saw
32:43 Heavy Plow
35:29 Hand Cart
35:00 Elite Skirmisher
35:46 Thumb Ring
38:03 Bodkin Arrow
39:29 Ballistics
40:10 Leather Archer Armor
43:26 Imperial Age
42:43 Bloodlines
43:19 Caravan
43:49 Coinage
43:53 Leather Archer Armor
43:40 Murder Holes
43:57 Masonry
45:10 Ring Archer Armor
45:42 Chemistry
44:56 Masonry
45:09 Conscription
46:40 Guilds
47:39 Onager
50:00 Banking
ThrobbinWood
11:25 Feudal Age
16:21 Castle Age
14:50 Loom
16:47 Fletching
19:35 Double-Bit Axe
19:33 Horse Collar
21:10 Ballistics
21:54 Stone Mining
26:01 Pikeman
28:13 Bodkin Arrow
31:58 Bow Saw
31:56 Padded Archer Armor
32:15 Town Watch
39:59 Imperial Age
38:06 Wheelbarrow
39:46 Yeomen
39:55 Yeomen
39:45 Heavy Plow
40:15 Leather Archer Armor
39:29 Man-at-Arms
40:15 Scale Mail Armor
40:17 Murder Holes
40:04 Treadmill Crane
40:35 Masonry
40:42 Fortified Wall
42:06 Bracer
43:23 Ring Archer Armor
44:36 Chemistry
44:42 Hand Cart
46:13 Elite Longbowman
47:25 Long Swordsman
49:18 Chain Mail Armor
49:14 Forging
48:27 Two-Handed Swordsman
49:20 Gambesons
TDI power
5:54 Loom
10:40 Feudal Age
11:28 Double-Bit Axe
16:49 Castle Age
16:09 Horse Collar
18:04 Bow Saw
17:55 Heavy Plow
21:40 Bloodlines
23:49 Scale Barding Armor
24:55 Husbandry
25:22 Forging
27:40 Wheelbarrow
26:55 Town Watch
28:37 Iron Casting
28:21 Pikeman
29:33 Gold Mining
30:03 Squires
29:50 Gambesons
33:38 Hand Cart
36:10 Imperial Age
35:00 Hand Cart
34:56 Scale Mail Armor
36:07 Halberdier
38:01 Chain Mail Armor
38:47 Blast Furnace
38:08 Chain Barding Armor
38:01 Masonry
39:09 Cavalier
xX_Miliano_Xx
0:28 Loom
12:49 Feudal Age
13:21 Horse Collar
13:36 Double-Bit Axe
16:53 Wheelbarrow
19:45 Fletching
19:56 Scale Mail Armor
21:05 Padded Archer Armor
25:04 Forging
29:20 Castle Age
29:23 Crossbowman
29:26 Pikeman
30:31 Heavy Plow
31:14 Leather Archer Armor
31:43 Bow Saw
32:31 Bodkin Arrow
32:30 Capped Ram
35:46 Chain Mail Armor
35:42 Thumb Ring
38:47 Iron Casting
38:16 Squires
37:39 Man-at-Arms
38:51 Hand Cart
38:34 Gold Mining
38:35 Stone Mining
42:30 Imperial Age
41:24 Elite Skirmisher
41:36 Long Swordsman
44:30 Crop Rotation
45:03 Two-Man Saw
43:47 Halberdier
46:03 Ring Archer Armor
46:33 Plate Mail Armor
47:16 Two-Handed Swordsman
Ken
11:08 Feudal Age
13:26 Double-Bit Axe
15:58 Castle Age
15:20 Loom
17:18 Bow Saw
25:26 Wheelbarrow
25:25 Husbandry
26:26 Fletching
26:37 Padded Archer Armor
27:07 Treadmill Crane
29:38 Scale Barding Armor
29:43 Forging
29:29 Bodkin Arrow
29:34 Padded Archer Armor
29:35 Scale Mail Armor
29:42 Gold Mining
32:55 Iron Casting
32:40 Chain Barding Armor
34:19 Leather Archer Armor
34:20 Chain Mail Armor
41:07 Imperial Age
41:21 Cavalier
45:28 Plate Barding Armor
45:53 Blast Furnace
45:59 Onager
Connection lost

Rejoining the realm…

Still unreachable

The connection could not be restored.

Session expired

The server has moved on; the page needs a fresh start.